AoeStats
← Icewind

MegaRandom

508965892Analyzed
2v2 RM · 9d ago on Sep 24, 2026· 55m 29s· 4 players
Game mode
Random Map
Map size
Medium (4 player)
Population
200
Speed
Normal
Resources
Standard
Victory
Conquest
Starting age
Dark Age
Ending age
Imperial Age
RankedLock teamsTeams togetherTeam positionsShared explorationLock speedFull tech treeHidden civsTurbo modeCheats
Victory
Defeat
🇷🇺 Saxons · Russia
1200
+13
🇷🇺 Franks · Russia
1165
+14
🇨🇿 Romans · Czechia
1145
-14
🇨🇿 Bulgarians · Czechia
1105
-13
Icewind
4:30 Loom
9:52 Feudal Age
10:39 Man-at-Arms
11:44 Scale Mail Armor
22:02 Castle Age
21:37 Bloodlines
22:05 Light Cavalry
23:22 Squires
32:07 Wheelbarrow
32:50 Scale Barding Armor
33:47 Ballistas
38:51 Hand Cart
38:55 Husbandry
42:19 Pikeman
42:24 Long Swordsman
46:13 Chain Barding Armor
48:57 Imperial Age
48:14 Forging
49:15 Cavalier
51:04 Cavalier
51:09 Pikeman
52:56 Ballistics
53:36 Chemistry
52:44 Double-Bit Axe
Hugo Tuxovic
9:20 Feudal Age
10:50 Loom
21:03 Castle Age
28:37 Double-Bit Axe
30:43 Horse Collar
31:46 Scale Barding Armor
31:31 Fletching
36:05 Bodkin Arrow
37:38 Pikeman
43:37 Imperial Age
41:26 Scale Mail Armor
41:37 Forging
45:13 Elite Konnik
hadji_andiyskiy
0:28 Loom
13:21 Feudal Age
14:04 Double-Bit Axe
25:15 Castle Age
26:27 Wheelbarrow
26:21 Bow Saw
27:33 Husbandry
28:59 Stone Mining
33:40 Forging
33:37 Scale Barding Armor
38:42 Hand Cart
40:29 Iron Casting
45:31 Chain Barding Armor
48:36 Gold Mining
51:38 Imperial Age
50:03 Scale Mail Armor
52:42 Gold Shaft Mining
53:56 Blast Furnace
53:11 Chain Mail Armor
52:57 Elite Throwing Axeman
53:58 Conscription
Saladin
0:36 Loom
8:50 Feudal Age
9:30 Man-at-Arms
11:14 Forging
20:45 Castle Age
20:14 Scale Mail Armor
20:17 Double-Bit Axe
20:46 Stone Mining
20:53 Gold Mining
21:00 Horse Collar
21:31 Long Swordsman
24:18 Bow Saw
24:37 Arson
28:15 Squires
30:13 Bloodlines
31:48 Wheelbarrow
30:35 Pikeman
32:26 Chain Mail Armor
33:29 Iron Casting
33:41 Scale Barding Armor
36:12 Husbandry
40:57 Imperial Age
40:25 Chain Barding Armor
42:10 Light Cavalry
45:21 Hussar
46:40 Shield Wall
49:29 Conscription
49:40 Plate Mail Armor
50:13 Fletching
49:52 Elite Hearth Troop
53:34 Hand Cart
Connection lost

Rejoining the realm…

Still unreachable

The connection could not be restored.

Session expired

The server has moved on; the page needs a fresh start.